 Dungeon Sprint DCSS version 0.30.1-11-g7821555f0a (webtiles) character file.

Game seed: 2342915901665941900

401 Heoruswealwe the Martial Artist (level 6, -6/52 HPs)
             Began as a Gnoll Transmuter on Nov 1, 2023.
             Was an Initiate of Gozag.
             Mangled by Snorg (14 damage)
             ... in the Dungeon (Sprint III: "The Ten Rune Challenge").
             The game lasted 00:04:04 (414 turns).

Heoruswealwe the Martial Artist (Gnoll Transmuter)   Turns: 414, Time: 00:04:04

Health: -6/52      AC:  2    Str: 11    XL:     6   Next: 85%
Magic:  13/16      EV: 24    Int: 13    God:    Gozag
Gold:   20         SH:  0    Dex: 17    Spells: 9/19 levels left

rFire   . .          .
                       - Unarmed
rCold   . . .        (shield currently unavailable)
rNeg    . . .        c - melded +0 robe
rPois   x            (helmet currently unavailable)
rElec   .            (cloak currently unavailable)
rCorr   .            (gloves currently unavailable)
SInv    .            (boots currently unavailable)
Will    .....        (no amulet)
Stlth   +++          (no ring)
HPRegen 0.28/turn    (no ring)
MPRegen 0.15/turn

%: no teleportation
@: spider-form
A: venomous fangs, tiny, (fangs 1), strong nose, distributed training
a: End Transformation, Renounce Religion, Potion Petition, Call Merchant, Bribe
Branch


You were in the Dungeon.
You worshipped Gozag.
Gozag was noncommittal.
You were a venomous arachnid creature.
You visited 1 branch You collected 20 gold pieces.

Inventory:

Armour
 c - a +0 robe (melded)
Scrolls
 h - a scroll of blinking
 i - a scroll of enchant armour {unknown}
 k - a scroll of torment {unknown}
 l - 4 scrolls of identify
 m - a scroll of poison {unknown}
Potions
 a - a potion of curing
 e - a potion of haste
 f - 2 potions of magic
 j - 4 potions of mutation {unknown}
 n - a potion of invisibility {unknown}
 o - 2 potions of flight
Miscellaneous
 b - a box of beasts


   Skills:
 + Level 5.8 Fighting
 + Level 5.1 Short Blades
 + Level 5.1 Long Blades
 + Level 5.1 Axes
 + Level 5.1 Maces & Flails
 + Level 5.1 Polearms
 + Level 5.1 Staves
 + Level 5.1 Ranged Weapons
 + Level 5.1 Throwing
 + Level 5.1 Armour
 + Level 7.0 Dodging
 + Level 5.1 Stealth
 + Level 5.1 Shields
 + Level 8.4 Unarmed Combat
 + Level 7.2 Spellcasting
 + Level 4.2 Conjurations
 + Level 4.2 Hexes
 + Level 4.2 Summonings
 + Level 4.2 Necromancy
 + Level 4.2 Translocations
 + Level 5.8 Transmutations
 + Level 4.2 Fire Magic
 + Level 4.2 Ice Magic
 + Level 4.2 Air Magic
 + Level 4.2 Earth Magic
 + Level 4.2 Poison Magic
 + Level 5.6 Invocations
 + Level 5.1 Evocations


You had 9 spell levels left.
You knew the following spells:

 Your Spells              Type           Power      Damage    Failure   Level
a - Beastly Appendage     Tmut           38%        N/A       6%          1
b - Wereblood             Tmut           19%        N/A       8%          2
c - Spider Form           Tmut/Pois      17%        N/A       16%         3
d - Ice Form              Ice/Tmut       17%        N/A       38%         4

Your spell library contained the following spells:

 Spells                   Type           Power      Damage    Failure   Level


Dungeon Overview and Level Annotations

Branches:
Dungeon (1/1)

Altars:
Cheibriados
Fedhas
Gozag
Hepliaklqana
Makhleb
Nemelex Xobeh
Qazlal
Xom
Jiyva
Lugonu

Annotations:
D Snorg


Innate Abilities, Weirdness & Mutations

You are a venomous arachnid creature.
You have venomous fangs.
You are tiny and dextrous.
Your spellcasting is less reliable in this form.
Your armour is entirely melded.
You are incapable of wielding weapons or throwing items.
((You have very sharp teeth.))
Your uncanny sense of smell can sniff out nearby items.
Your experience applies equally to all skills.


Message History

Gozag welcomes you!
Gozag waives the service fee.
There is a hazy altar of Hepliaklqana here.
There is a snail-covered altar of Cheibriados here.
There is an open door here.
You open the door.
There is an open door here.
Snorg the Insatiable comes into view.
Snorg shouts!
Casting: Beastly Appendage (safe; 1% risk of failure)
Confirm with . or Enter, or press ? or * to list all spells.
You grow a pair of large bovine horns.
Your feet morph into talons.
You hit Snorg. Your kick misses Snorg.
Snorg is lightly wounded.
Snorg completely misses you. Snorg barely misses you. Snorg claws you!
You punch Snorg! You claw Snorg. You headbutt Snorg.
Snorg is moderately wounded.
Snorg bites you! Snorg claws you!
* * * LOW HITPOINT WARNING * * *
Snorg claws you.
* * * LOW HITPOINT WARNING * * *
You feel much better. Snorg closely misses you. Snorg claws you.
Snorg claws you!
You hit Snorg. Your kick misses Snorg.
Snorg is moderately wounded.
Snorg bites you. Snorg claws you. Snorg closely misses you.
You hit Snorg.
Snorg is moderately wounded.
Casting: Beastly Appendage (safe; 1% risk of failure)
Confirm with . or Enter, or press ? or * to list all spells.
Your horns disappear.
Your talons disappear.
You turn into a venomous arachnid creature.
Your +0 robe melds into your body.
Snorg bites you!
* * * LOW HITPOINT WARNING * * *
Snorg closely misses you. Snorg completely misses you.
You bite Snorg!
Snorg looks as sick as possible!
Snorg is moderately wounded.
Snorg completely misses you. Snorg claws you!
You die...
Your body crumbles into a pile of gold.

♣.# $ $ $ ♣.# ∆ $ $ $
$ ♣.#∆ ∆ ∆ $
♣♣.###+#+###+##$$
♣..#..........# $
.♣.'.⌠........# $$ $
$ ♣..#...######'# $ $
...#.⌠.#__#...#+#####
...#...#__#...#§s§§§+
...#+###__#...#§#T§§#
...# ∆$#__#...'.#§§.#
...# #__'...#.#§§§#
▓▓▓▓ ▓▓▓▓▓▓▓▓▓▓▓▓▓▓


You could see Snorg (extremely poisoned).

Vanquished Creatures
  A shadow (D)
  A spatial vortex (D)
  A water elemental (D)
  A jelly (D)
  Jessica (D)
  A human (D)
  A phantom (D)
  An endoplasm (D)
  2 rats (D)
10 creatures vanquished.

Notes
Turn   | Place    | Note
-------+----------+-------------------------------------------
     0 | D        | Heoruswealwe the Gnoll Transmuter began the quest for the
                  | Orb.
     0 | D        | Reached XP level 1. HP: 17/17 MP: 6/6
    11 | D        | Noticed Jessica
    15 | D        | Reached skill level 5 in Spellcasting
    17 | D        | Killed Jessica
    18 | D        | Reached skill level 1 in Short Blades
    18 | D        | Reached skill level 1 in Long Blades
    18 | D        | Reached skill level 1 in Axes
    18 | D        | Reached skill level 1 in Maces & Flails
    18 | D        | Reached skill level 1 in Polearms
    18 | D        | Reached skill level 1 in Staves
    18 | D        | Reached skill level 1 in Ranged Weapons
    18 | D        | Reached skill level 1 in Throwing
    18 | D        | Reached skill level 1 in Armour
    18 | D        | Reached skill level 5 in Dodging
    18 | D        | Reached skill level 1 in Stealth
    18 | D        | Reached skill level 1 in Shields
    18 | D        | Reached skill level 1 in Conjurations
    18 | D        | Reached skill level 1 in Hexes
    18 | D        | Reached skill level 1 in Summonings
    18 | D        | Reached skill level 1 in Necromancy
    18 | D        | Reached skill level 1 in Translocations
    18 | D        | Reached skill level 1 in Fire Magic
    18 | D        | Reached skill level 1 in Ice Magic
    18 | D        | Reached skill level 1 in Air Magic
    18 | D        | Reached skill level 1 in Earth Magic
    18 | D        | Reached skill level 1 in Poison Magic
    18 | D        | Reached skill level 1 in Evocations
    18 | D        | Reached XP level 2. HP: 13/24 MP: 8/8
    18 | D        | Reached XP level 3. HP: 16/29 MP: 9/9
   113 | D        | Reached skill level 7 in Unarmed Combat
   143 | D        | Noticed a water elemental
   148 | D        | Killed a water elemental
   149 | D        | Reached XP level 4. HP: 37/37 MP: 12/12
   200 | D        | Noticed a shadow
   208 | D        | Killed a shadow
   209 | D        | Reached skill level 5 in Fighting
   209 | D        | Reached skill level 5 in Transmutations
   209 | D        | Reached XP level 5. HP: 24/44 MP: 14/14
   209 | D        | Reached XP level 6. HP: 27/51 MP: 15/15
   212 | D        | Reached skill level 8 in Unarmed Combat
   212 | D        | Reached skill level 5 in Invocations
   316 | D        | Found a blossoming altar of Fedhas.
   316 | D        | Found a stormy altar of Qazlal.
   316 | D        | Found a snail-covered altar of Cheibriados.
   316 | D        | Found a burning altar of Makhleb.
   316 | D        | Found a shimmering altar of Xom.
   317 | D        | Found a hazy altar of Hepliaklqana.
   317 | D        | Found an opulent altar of Gozag.
   317 | D        | Found a sparkling altar of Nemelex Xobeh.
   317 | D        | Found a corrupted altar of Lugonu.
   317 | D        | Found a viscous altar of Jiyva.
   317 | D        | Noticed a spatial vortex
   326 | D        | Killed a spatial vortex
   327 | D        | Reached skill level 5 in Short Blades
   327 | D        | Reached skill level 5 in Long Blades
   327 | D        | Reached skill level 5 in Axes
   327 | D        | Reached skill level 5 in Maces & Flails
   327 | D        | Reached skill level 5 in Polearms
   327 | D        | Reached skill level 5 in Staves
   327 | D        | Reached skill level 5 in Ranged Weapons
   327 | D        | Reached skill level 5 in Throwing
   327 | D        | Reached skill level 5 in Armour
   327 | D        | Reached skill level 5 in Stealth
   327 | D        | Reached skill level 5 in Shields
   327 | D        | Reached skill level 5 in Evocations
   383 | D        | Learned a level 2 spell: Wereblood
   387 | D        | Learned a level 3 spell: Spider Form
   392 | D        | Learned a level 4 spell: Ice Form
   392 | D        | Became a worshipper of Gozag Ym Sagoz the Greedy
   406 | D        | Noticed Snorg
   414 | D        | Mangled by Snorg

Illustrated notes

Levels and vault maps discovered:
D:        dungeon_sprint_mu [sprint_mu_entry_forest, sprint_mu_temple_rooms,
          sprint_mu_d1_horrors, sprint_mu_d2_genie, sprint_mu_d3_branching,
          sprint_mu_orc_legion, sprint_mu_elf_gauntlet, sprint_mu_hive_nellie,
          sprint_mu_lair_fedhas, sprint_mu_vaults_butterflies,
          sprint_mu_slime_circle, sprint_mu_shoals_archi,
          sprint_mu_snake_twists, sprint_mu_blade_basic,
          sprint_mu_crypt_fortress, sprint_mu_tomb_spiral,
          sprint_mu_vestibule_basic, sprint_mu_gehenna_hellfire,
          sprint_mu_dis_giant, sprint_mu_tartarus_statrot,
          sprint_mu_cocytus_islands, sprint_mu_zot1]

Skill      XL: |  1  2  3  4  5  6 |
---------------+-------------------+-----
Spellcasting   | 5 6 7 |  7.2
Fighting       | 3 4 5 |  5.8
Short Blades   | 1 3 4 5 |  5.1
Long Blades    | 1 3 4 5 |  5.1
Axes           | 1 3 4 5 |  5.1
Maces & Flails | 1 3 4 5 |  5.1
Polearms       | 1 3 4 5 |  5.1
Staves         | 1 3 4 5 |  5.1
Ranged Weapons | 1 3 4 5 |  5.1
Throwing       | 1 3 4 5 |  5.1
Armour         | 1 3 4 5 |  5.1
Dodging        | 5 6 7 |  7.0
Stealth        | 1 3 4 5 |  5.1
Shields        | 1 3 4 5 |  5.1
Conjurations   | 1 2 3 4 |  4.2
Hexes          | 1 2 3 4 |  4.2
Summonings     | 1 2 3 4 |  4.2
Necromancy     | 1 2 3 4 |  4.2
Translocations | 1 2 3 4 |  4.2
Transmutations | 4 5 |  5.8
Fire Magic     | 1 2 3 4 |  4.2
Ice Magic      | 1 2 3 4 |  4.2
Air Magic      | 1 2 3 4 |  4.2
Earth Magic    | 1 2 3 4 |  4.2
Poison Magic   | 1 2 3 4 |  4.2
Invocations    | 2 3 4 5 |  5.6
Evocations     | 1 3 4 5 |  5.1
Unarmed Combat | 7 8 |  8.4

Action                     |  1- 3 |  4- 6 || total
---------------------------+-------+-------++-------
  Melee: Unarmed           |    34 |    19 ||    53
         Kick              |     4 |     8 ||    12
         Headbutt          |     1 |     5 ||     6
         Punch             |     1 |     1 ||     2
         Bite              |     1 |     2 ||     3
   Cast: Beastly Appendage |     2 |     3 ||     5
         Spider Form       |       |     1 ||     1
    Use: Potion            |     2 |     1 ||     3
  Dodge: Dodged            |    21 |    10 ||    31
